 Dungeon Crawl Stone Soup version 0.31-a0-876-gfe8ebadbca (webtiles) character file.

Game seed: 15886208154911889067

296 Malachi the Covert (level 6, 0/44 HPs)
             Began as a Vampire Brigand on Oct 13, 2023.
             Was a Believer of Fedhas.
             Slain by a gnoll
             ... wielding a +0 whip
              (8 damage)
             ... on level 2 of the Dungeon.
             The game lasted 00:02:14 (1447 turns).

Malachi the Covert (Vampire Brigand)                Turns: 1447, Time: 00:02:14

Health: 0/44       AC:  3    Str: 10    XL:     6   Next: 12%
Magic:  15/15      EV: 12    Int: 14    God:    Fedhas [**....]
Gold:   73         SH:  0    Dex: 17    Spells: 5/5 levels left

rFire   . . .        i - +2 dagger (drain)
rCold   . . .        (no shield)
rNeg    . . .        b - +0 robe
rPois   .            (no helmet)
rElec   .            c - +0 cloak
rCorr   .            (no gloves)
SInv    +            (no boots)
Will    .....        (no amulet)
Stlth   ++++         f - ring of magical power
HPRegen 0.47/turn    (no ring)
MPRegen 0.14/turn

%: no passive effects
@: lethally poisoned (0 -> -10), healing quickly, hasted, very quick
A: alive, fangs 3, see invisible, vampiric 2
a: Exsanguinate, Renounce Religion, Wall of Briars


You were on level 2 of the Dungeon.
You worshipped Fedhas.
Fedhas was pleased with you.
You visited 1 branch of the dungeon, and saw 2 of its levels.

You collected 73 gold pieces.

Inventory:

Hand Weapons
 a - a +2 dagger
 i - a +2 dagger of draining (weapon)
 m - a +0 dagger of venom
Missiles
 d - 14 poisoned darts (quivered)
 e - 3 curare-tipped darts
Armour
 b - a +0 robe (worn)
 c - a +0 cloak (worn)
Jewellery
 f - a ring of magical power (left hand)
Scrolls
 j - a scroll of fog {unknown}
 k - a scroll of revelation {unknown}
 l - a scroll of noise {unknown}
Potions
 g - 2 potions of enlightenment


   Skills:
 - Level 1.7 Fighting
 + Level 5.2 Short Blades
 - Level 1.5 Throwing
 - Level 1.1 Dodging
 + Level 9.0 Stealth


You had 5 spell levels left.
You didn't know any spells.
Your spell library contained the following spells:

 Spells                   Type           Power      Damage    Failure   Level
 Slow                     Hex            0%         N/A       28%         1
 Static Discharge         Conj/Air       0%         2-2/arc   41%         2
 Confusing Touch          Hex            0%         N/A       65%         3
 Sigil of Binding         Hex            0%         N/A       65%         3
 Vampiric Draining        Necr           0%         2d6       65%         3
 Airstrike                Air            0%         2d(0-16)  96%         4
 Summon Lightning Spire   Summ/Air       0%         N/A       96%         4


Dungeon Overview and Level Annotations

Branches:
Dungeon (2/15)

Altars:
Fedhas


Innate Abilities, Weirdness & Mutations

Your natural rate of healing is accelerated.
You have razor-sharp teeth.
You have supernaturally acute eyesight. (SInv)
You are afflicted with vampirism and can become a bat while bloodless.


Message History

The gnoll hits you with a +0 whip! The goblin misses you.
You hit the gnoll but do no damage. You drain the gnoll.
The gnoll is lightly wounded.
You hit the gnoll. You drain the gnoll.
The gnoll is heavily wounded.
The gnoll barely misses you. The gnoll closely misses you.
The goblin hits you with a +1 dagger of venom.
You hit the gnoll. You bite the gnoll.
The gnoll is almost dead.
The gnoll hits you with a +0 whip. The kobold completely misses you.
The goblin hits you with a +1 dagger of venom.
You are poisoned.
You hit the gnoll but do no damage.
You feel sick. The kobold misses you. The goblin hits you but does no damage.
You are more poisoned.
You closely miss the gnoll.
The gnoll is almost dead.
You feel very sick.
The dart slug briefly extends its eye-stalks.
You closely miss the gnoll.
The gnoll is almost dead.
You feel very sick. The kobold hits you but does no damage.
The gnoll barely misses you. The gnoll closely misses you.
The gnoll barely misses you.
The goblin hits you with a +1 dagger of venom.
You are more poisoned.
You hit the gnoll.
You kill the gnoll!
Fedhas appreciates your contribution to the ecosystem.
You feel very sick. The gnoll hits you with a +0 whip.
The kobold barely misses you. The gnoll hits you with a +0 whip.
* * * LOW HITPOINT WARNING * * *
The goblin barely misses you.
You feel yourself speed up.
* * * LOW HITPOINT WARNING * * *
You feel very sick. The kobold barely misses you.
The gnoll hits you with a +0 whip!
You die...
Fedhas appreciates your contribution to the ecosystem.

.. .. ##........## ..
#...>......# ..
#.......$..# ..
#..........# ..
#..........# ...
#..####..........#
..###.^........gwK..#
#..##....# #..g@g.#
........# #.######
....#....####†#
............#.#######
....#####)#.).......#
.........)..).......#
..#.#####..##.[.....#
..### #####.......#
#.# #.#######


You could see 2 gnolls, a dart slug, a goblin and a kobold.

Vanquished Creatures
  Sigmund (D:2)
  2 orc wizards (D:2)
  An adder (D:2)
  A gnoll (D:2)
  A worm (D:2)
  2 orcs (D:2)
  5 bats
  2 endoplasms
  2 giant cockroaches (D:1)
  6 goblins
  5 hobgoblins
  11 jackals (D:1)
  6 quokkas
  4 ball pythons
  3 frilled lizards
  5 kobolds
  3 rats (D:1)
60 creatures vanquished.

Notes
Turn   | Place    | Note
-------+----------+-------------------------------------------
     0 | D:1      | Malachi the Vampire Brigand began the quest for the Orb.
     0 | D:1      | Reached XP level 1. HP: 16/16 MP: 1/1
    35 | D:1      | Reached skill level 6 in Stealth
    69 | D:1      | Reached XP level 2. HP: 22/22 MP: 2/2
   343 | D:1      | Gained mutation: You are afflicted with vampirism and can
                  | become a bat while bloodless. [Vampire growth]
   343 | D:1      | Reached XP level 3. HP: 20/27 MP: 3/3
   531 | D:1      | Found a faded altar of an unknown god.
   542 | D:1      | Prayed at the altar of an unknown god.
   542 | D:1      | Became a worshipper of Fedhas Madash
   542 | D:1      | Reached * piety under Fedhas
   920 | D:1      | Reached skill level 7 in Stealth
  1124 | D:2      | Noticed Sigmund
  1141 | D:2      | Killed Sigmund
  1142 | D:2      | Reached skill level 8 in Stealth
  1142 | D:2      | Reached XP level 4. HP: 17/33 MP: 4/4
  1142 | D:2      | Reached XP level 5. HP: 20/38 MP: 5/5
  1337 | D:2      | Reached ** piety under Fedhas
  1398 | D:2      | Reached skill level 5 in Short Blades
  1402 | D:2      | Reached skill level 9 in Stealth
  1402 | D:2      | Reached XP level 6. HP: 44/44 MP: 6/6
  1447 | D:2      | Slain by a gnoll

Illustrated notes

Levels and vault maps discovered:
D:1:      mrwooster_arrival_statue_2, layout_basic, serial_forest,
          infiniplex_forest_lined_2, infiniplex_forest_lined_2,
          infiniplex_forest_pool, infiniplex_forest_clump_double,
          infiniplex_forest_end_1, shapermc_ecumenical_altar_mp_highgroup
D:2:      layout_rooms, amcnicky_mini_corridor_feature, uniq_sigmund

Skill      XL: |  1  2  3  4  5 |
---------------+----------------+-----
Stealth        | 6 8 9 |  9.0
Short Blades   | 3 4 5 |  5.2
Fighting       | |  1.7
Throwing       | |  1.5
Dodging        | |  1.1

Action                     |  1- 3 |  4- 6 || total
---------------------------+-------+-------++-------
  Melee: Dagger            |   193 |    48 ||   241
         Bite              |    17 |     3 ||    20
         Punch             |     3 |       ||     3
    Use: Scroll            |     1 |     2 ||     3
         Potion            |       |     1 ||     1
   Stab: Sleeping          |     7 |     5 ||    12
 Armour: Robe              |   103 |    20 ||   123
  Dodge: Dodged            |   149 |    28 ||   177

Table legend: (Time is in decaauts)
 A = Elapsed time spent in this place.
 B = Non-inter-level travel time spent in this place.
 C = Inter-level travel time spent in this place.
 D = Time resting spent in this place.
 E = Time spent auto-exploring this place.
 F = Levels seen in this place.
 G = Mean time per level.
                   A        B        C        D        E       F      G
               +--------+--------+--------+--------+--------+-----+--------+
         Total |   1405 |   1392 |     13 |      0 |    967 |   2 |  702.5 |
       Dungeon |   1405 |   1392 |     13 |      0 |    967 |   2 |  702.5 |
               +--------+--------+--------+--------+--------+-----+--------+

Top non-repeatable levels by time:
     D:1: 1013 daAuts
     D:2: 392 daAuts
